AoeStats
← dael_lv

Arena

510023037Analyzed
1v1 RM · 2d ago on Sep 29, 2026· 45m 45s· 2 players
Game mode
Random Map
Map size
Tiny (2 player)
Population
200
Speed
Normal
Resources
Standard
Victory
Conquest
Starting age
Dark Age
Ending age
Imperial Age
RankedLock teamsTeams togetherTeam positionsShared explorationLock speedFull tech treeHidden civsTurbo modeCheats
Victory
Defeat
🇲🇽 Franks · Mexico
372
+18
🇨🇴 Portuguese · Colombia
405
-18
dael_lv
10:07 Feudal Age
10:40 Double-Bit Axe
16:09 Castle Age
18:12 Bow Saw
20:30 Wheelbarrow
22:03 Stone Mining
23:31 Hand Cart
23:29 Gold Mining
24:12 Town Watch
32:03 Imperial Age
31:20 Town Patrol
32:31 Husbandry
33:10 Gold Shaft Mining
33:17 Forging
33:13 Scale Barding Armor
33:37 Chivalry
34:13 Cavalier
38:20 Iron Casting
37:09 Paladin
38:57 Chain Barding Armor
Willy River4
10:26 Feudal Age
12:34 Double-Bit Axe
13:42 Gold Mining
15:54 Stone Mining
21:20 Castle Age
21:07 Forging
21:14 Scale Barding Armor
22:21 Bow Saw
23:15 Stone Shaft Mining
27:09 Iron Casting
26:56 Chain Barding Armor
26:41 Husbandry
27:50 Bow Saw
35:01 Imperial Age
39:22 Two-Man Saw
42:39 Cavalier
Connection lost

Rejoining the realm…

Still unreachable

The connection could not be restored.

Session expired

The server has moved on; the page needs a fresh start.